 Dungeon Crawl Stone Soup version 0.30.0-5-g1a98f26d00 (webtiles) character file.

Game seed: 15533242566543022000

77 Leibowitz the Chopper (level 4, 0/38 HPs)
             Began as a Minotaur Gladiator on May 11, 2023.
             Was an Initiate of Okawaru.
             Succumbed to a goblin's poison
             ... on level 2 of the Dungeon.
             The game lasted 00:03:39 (1310 turns).

Leibowitz the Chopper (Minotaur Gladiator)          Turns: 1310, Time: 00:03:39

Health: 0/38       AC:  3    Str: 21    XL:     4   Next: 14%
Magic:  3/3        EV: 12    Int:  5    God:    Okawaru [......]
Gold:   76         SH:  0    Dex: 11    Spells: 3/3 levels left

rFire   . . .        a - +0 war axe
rCold   . . .        (no shield)
rNeg    . . .        b - +0 leather armour
rPois   .            c - +0 hat
rElec   .            (no cloak)
rCorr   .            (no gloves)
SInv    .            (no boots)
Will    .....        (no amulet)
Stlth   +            (no ring)
HPRegen 0.26/turn    (no ring)
MPRegen 0.08/turn

%: no passive effects
@: lethally poisoned (0 -> -11), attractive, hasted, invisible, very quick
A: horns 2, retaliatory headbutt
a: Renounce Religion


You were on level 2 of the Dungeon.
You worshipped Okawaru.
Okawaru was noncommittal.
You visited 1 branch of the dungeon, and saw 2 of its levels.

You collected 76 gold pieces.

Inventory:

Hand Weapons
 a - a +0 war axe (weapon)
Missiles
 d - 3 throwing nets (quivered)
 e - a javelin
Armour
 b - a +0 leather armour (worn)
 c - a +0 hat (worn)
Scrolls
 f - a scroll of magic mapping {unknown}
 g - a scroll of enchant armour {unknown}
 k - 2 scrolls of immolation {unknown}
 l - 2 scrolls of summoning {unknown}
 m - a scroll of enchant weapon {unknown}
 n - a scroll of identify {unknown}


   Skills:
 * Level 3.1 Fighting
 * Level 4.8 Axes
 - Level 2.0 Throwing
 * Level 1.6 Armour
 * Level 3.9 Dodging


You had 3 spell levels left.
You didn't know any spells.
Your spell library was empty.

Dungeon Overview and Level Annotations

Branches:
Dungeon (2/15)

Altars:
Okawaru

Annotations:
D:2 Robin


Innate Abilities, Weirdness & Mutations

You have a pair of horns on your head.
You reflexively headbutt those who attack you in melee.


Message History

Found 9 gold pieces.
You slash the goblin!
You kill the goblin!
Okawaru accepts your kill.
You closely miss the goblin.
The goblin hits you with a +0 dagger of venom.
You are poisoned.
The goblin attacks as you move away!
The goblin hits you with a +0 dagger of venom.
You are more poisoned.
You feel very sick.
It was a potion of attraction.
You feel attractive to monsters.
You feel very sick. Robin throws the goblin at you!
* * * LOW HITPOINT WARNING * * *
The goblin hits you but does no damage.
You are lethally poisoned!
Robin is attracted toward you. The kobold is attracted toward you.
It was a potion of haste.
You feel yourself speed up.
* * * LOW HITPOINT WARNING * * *
You feel very sick. Robin closely misses you.
The goblin hits you but does no damage.
You are more poisoned.
It was a potion of invisibility.
You fade into invisibility!
* * * LOW HITPOINT WARNING * * *
You feel very sick.
You closely miss Robin. You headbutt Robin.
Robin is lightly wounded.
You barely miss the goblin.
* * * LOW HITPOINT WARNING * * *
You feel very sick.
Robin says, "Feeling lonely?"
The goblin barely misses you.
You strike the helpless goblin from behind!
You slash the goblin!
You kill the goblin!
Okawaru accepts your kill.
You barely miss the goblin.
You die...

#..###.##.# # #†##
##.#g# #.
#..###..#.### # .#
###...#...g...# ##.
.###....#.##.#...#
.........#..####.#...#
#...#...#...###g##.##
#....#####.gK..##.#
#...g@.#.g.######.#
######)#.### #.#
.$.....g).# #.#
########.## #.# #.#
#.# #.# #.# #.# #.#
#.# #.# #.# #.#


You could see Robin (unable to see you) and a goblin (unable to see you).

Vanquished Creatures
  An adder (D:2)
  2 worms (D:2)
  2 dart slugs
  An orc (D:2)
  3 bats
  4 endoplasms (D:1)
  2 giant cockroaches
  6 goblins
  10 hobgoblins
  3 jackals
  4 kobolds (D:1)
  2 quokkas (D:1)
  2 ball pythons (D:1)
  A frilled lizard (D:1)
  9 rats
52 creatures vanquished.

Notes
Turn   | Place    | Note
-------+----------+-------------------------------------------
     0 | D:1      | Leibowitz the Minotaur Gladiator began the quest for the
                  | Orb.
     0 | D:1      | Reached XP level 1. HP: 18/18 MP: 0/0
   105 | D:1      | Reached skill level 4 in Axes
   105 | D:1      | Reached XP level 2. HP: 25/25 MP: 1/1
   201 | D:1      | Found a faded altar of an unknown god.
   576 | D:1      | Reached skill level 1 in Armour
   576 | D:1      | Reached XP level 3. HP: 30/30 MP: 2/2
   900 | D:2      | Found an iron altar of Okawaru.
   919 | D:2      | Became a worshipper of Warmaster Okawaru
  1271 | D:2      | Noticed Robin
  1276 | D:2      | Reached XP level 4. HP: 29/38 MP: 3/3
  1309 | D:2      | HP: 1/38 [poisoned by a goblin]
  1310 | D:2      | Succumbed to a goblin's poison

Illustrated notes

Levels and vault maps discovered:
D:1:      dpeg_arrival_prison, layout_loops_cross, shapermc_ecumenical_altar_gd,
          minmay_indecisive_spiral
D:2:      layout_loops_ring, basic_altar, minmay_pentomino_o2, uniq_robin

Skill      XL: |  1  2  3 |
---------------+----------+-----
Axes           | 4 |  4.8
Armour         | 1 |  1.6
Fighting       | 3 |  3.1
Throwing       | |  2.0
Dodging        | |  3.9

Action                     |  1- 3 |  4- 6 || total
---------------------------+-------+-------++-------
  Melee: War axe           |   101 |    11 ||   112
         Headbutt          |    18 |     1 ||    19
         Punch             |     1 |       ||     1
    Use: Potion            |       |     3 ||     3
   Stab: Invisible         |       |     1 ||     1
 Armour: Leather armour    |    21 |     3 ||    24
  Dodge: Dodged            |    60 |    14 ||    74
